 Dungeon Crawl Stone Soup version 0.29.1-1-gd02db6906a (webtiles) character file.

Game seed: 6645701977211008740

163 Ijustatesigmund the Trooper (level 5, -3/34 HPs)
             Began as a Gargoyle Fighter on Sept 22, 2022.
             Killed by divine providence
             ... invoked by an orc priest
              (9 damage)
             ... on level 3 of the Dungeon.
             The game lasted 00:03:38 (2930 turns).

Ijustatesigmund the Trooper (Gargoyle Fighter)      Turns: 2930, Time: 00:03:40

Health: -3/34      AC: 11    Str: 22    XL:     5   Next: 44%
Magic:  5/5        EV: 13    Int:  8    God:
Gold:   12         SH:  4    Dex:  9    Spells: 4/4 levels left

rFire   . . .      SeeInvis .   a - +2 flail (vorpal)
rCold   . . .      Faith    .   c - +0 buckler
rNeg    + . .      Spirit   .   b - +0 scale mail
rPois   ∞          Reflect  .   (no helmet)
rElec   +          Harm     .   (no cloak)
rCorr   +          Rampage  .   (no gloves)
Will    .....                   (no boots)
Stlth   ..........              (no amulet)
HPRegen 0.11/turn               l - ring of resist corrosion
MPRegen 0.09/turn               r - +4 ring of evasion

@: no status effects
A: sickness immunity, AC +4, negative energy resistance 1, electricity
resistance, torment resistance 1, petrification resistance
a: no special abilities


You were on level 3 of the Dungeon.
You visited 1 branch of the dungeon, and saw 3 of its levels.

You collected 133 gold pieces.
You spent 121 gold pieces at shops.

Inventory:

Hand Weapons
 a - a +2 vorpal flail (weapon)
Armour
 b - a +0 scale mail (worn)
 c - a +0 buckler (worn)
Jewellery
 l - a ring of resist corrosion (left hand)
 r - a +4 ring of evasion (right hand)
Scrolls
 f - 3 scrolls of teleportation
Potions
 d - a potion of might
 e - a potion of heal wounds {unknown}
 h - a potion of brilliance {unknown}
 i - 4 potions of curing
 j - 2 potions of cancellation {unknown}
 m - a potion of lignification {unknown}
 n - 2 potions of mutation


   Skills:
 + Level 4.9 Fighting
 + Level 3.8 Maces & Flails
 + Level 3.9 Armour
 - Level 3.2 Shields


You had 4 spell levels left.
You didn't know any spells.
Your spell library contained the following spells:

 Spells                   Type           Power      Damage    Failure   Level
 Conjure Flame            Conj/Fire      0%         6-21      99%         3
 Ignite Poison            Fire/Tmut/Pois 0%         N/A       99%         3
 Sticky Flame             Conj/Fire      0%         2d3       100%        4


Dungeon Overview and Level Annotations

Branches:
Dungeon (3/15)

Altars:

Shops:
D:3 !


Innate Abilities, Weirdness & Mutations

You are immune to sickness and miasma.
Your stone body is resilient. (AC +4)
You are immune to poison.
You resist negative energy. (rN+)
You are resistant to electric shocks. (rElec)
You are resistant to unholy torment.
You are immune to petrification.


Message History

The orc wizard points at you and mumbles some strange words.
The magic dart hits you but does no damage.
The orc wizard hits you with a +0 dagger of venom.
You thump the orc wizard!
The orc wizard is severely wounded.
The orc wizard barely misses you. The orc hits you but does no damage.
The orc attacks as you move away! The orc hits you but does no damage.
The orc wizard attacks as you move away!
The orc wizard hits you with a +0 dagger of venom.
You closely miss the orc wizard.
The orc wizard is severely wounded.
The orc wizard gestures wildly while chanting.
The orc wizard flickers and vanishes!
Deactivating autopickup; reactivate with Ctrl-A.
You sock the orc!
You kill the orc!
You aren't carrying any items that you can evoke.
You miss something. Something hits you but does no damage.
You sock something!
Reactivating autopickup.
You feel a bit more experienced.
You hit the frilled lizard.
You kill the frilled lizard!
The orc priest casts a cantrip, but nothing happens.
You closely miss the orc priest. The orc priest closely misses you.
You hit the orc priest.
The orc priest is lightly wounded.
The orc priest barely misses you.
You barely miss the orc priest.
The orc priest is lightly wounded.
The orc priest calls down the wrath of Beogh upon you.
Beogh smites you!
You thump the orc priest!
You kill the orc priest!
The orc priest invokes the aid of Beogh against you.
Pain shoots through your body!
* * * LOW HITPOINT WARNING * * *
The orc priest invokes the aid of Beogh against you.
Beogh smites you!
You die...

#.# ##.# #. #.#####.... #.#
#..# #.###.# ###.. #.# ##.##
..#..# #.. #..# #.#.## #..
#.## #.#.# #.. #.# #...# ##..
#.##### ###.# #..#
###.###.....#######.#######.##
#..........o)@........##....#
#.########†#######.#.....#####
..P.....# #.#..........
......P.# #.#.......###
........#######>..#####...
...?..#.##..........# ###.#
......P.##..........# ..
......#.............# .
.#''#...##..........# #


You could see an orc priest.

Vanquished Creatures
  An orc priest (D:3)
  Natasha (twice) (D:3)
  An orc wizard (D:3)
  Robin (D:3)
  An adder (D:2)
  2 worms (D:2)
  2 dart slugs (D:2)
  An orc (D:3)
  4 bats
  4 endoplasms
  A giant cockroach (D:1)
  10 goblins
  5 hobgoblins
  5 quokkas
  3 ball pythons (D:1)
  4 frilled lizards
  7 kobolds
  3 rats
57 creatures vanquished.

Vanquished Creatures (others)
  6 plants (D:3)
6 creatures vanquished.

Grand Total: 63 creatures vanquished

Notes
Turn   | Place    | Note
-------+----------+-------------------------------------------
     0 | D:1      | Ijustatesigmund the Gargoyle Fighter began the quest for
                  | the Orb.
     0 | D:1      | Reached XP level 1. HP: 14/14 MP: 1/1
   292 | D:1      | Reached XP level 2. HP: 17/19 MP: 2/2
   994 | D:2      | Reached skill level 4 in Fighting
   994 | D:2      | Reached XP level 3. HP: 22/24 MP: 3/3
  2060 | D:2      | Reached XP level 4. HP: 26/30 MP: 4/4
  2629 | D:3      | Found Nupuzel's Distillery.
  2637 | D:3      | Bought a potion of mutation for 88 gold pieces
  2637 | D:3      | Bought a potion of curing for 33 gold pieces
  2657 | D:3      | Noticed Natasha
  2662 | D:3      | Killed Natasha
  2679 | D:3      | Noticed Robin
  2717 | D:3      | Killed Robin
  2746 | D:3      | Noticed Natasha
  2750 | D:3      | Killed Natasha
  2751 | D:3      | Reached XP level 5. HP: 21/34 MP: 5/5
  2930 | D:3      | Killed from afar by an orc priest

Illustrated notes

Levels and vault maps discovered:
D:1:      wander_arrival_lonely_grave, layout_basic
D:2:      layout_loops_corners, nicolae_concentric_dashed_squares_wild
D:3:      cheibrodos_old_hovel, layout_rooms,
          dilly_ecumenical_altar_fadedgnrine, serial_shops, shop, uniq_robin,
          uniq_natasha

Skill      XL: |  1  2  3 |
---------------+----------+-----
Fighting       | 4 |  4.9
Maces & Flails | 3 |  3.8
Armour         | |  3.9
Shields        | |  3.2

Action                   |  1- 3 |  4- 6 || total
-------------------------+-------+-------++-------
Melee: Flail             |   136 |    72 ||   208
  Use: Scroll            |     1 |     8 ||     9
       Potion            |       |     1 ||     1
Armor: Scale mail        |    59 |    46 ||   105
Dodge: Dodged            |    63 |    60 ||   123
Block: Buckler           |    22 |    25 ||    47
